 Dungeon Crawl Stone Soup version 0.27-a0-1193-g8631133539 (webtiles) character file.

Game seed: 16458366454066667381

64750 Armakuni the Peltast (level 15, -8/115 HPs)
             Began as a Human Wanderer on May 25, 2021.
             Was an Elder of Elyvilon.
             Mangled by a thorn hunter (13 damage)
             ... on level 1 of the Swamp.
             The game lasted 00:58:21 (20193 turns).

Armakuni the Peltast (Human Wanderer)              Turns: 20193, Time: 00:58:22

Health: -8/115     AC: 21    Str: 19    XL:     15   Next: 55%
Magic:  19/22      EV: 14    Int: 20    God:    Elyvilon [****..]
Gold:   2044       SH: 21    Dex: 14    Spells: 13/14 levels left

rFire    + . .     SeeInvis .   a - +9 mace of Callousness {vorpal, rElec rF+}
rCold    + + .     Faith    .   x - +2 kite shield
rNeg     + . .     Spirit   .   y - +3 scale mail {rC+}
rPois    +         Reflect  +   E - -1 helmet of Tafidgh {rPois rN+ Str+4 Int+2}
rElec    +         Harm     .   d - +1 cloak
rCorr    .         Rampage  +   G - +2 pair of gloves
Will     +++..                  S - +2 pair of boots {rampage}
Stlth    ..........             H - amulet of reflection
HPRegen  0.29/turn              W - ring of the Mage {Wiz Will++ Int+3}
MPRegen  0.18/turn              J - ring of protection from cold

@: no status effects
A: no striking features
a: Renounce Religion, Lesser Healing, Heal Other, Purification, Greater Healing,
Divine Protection


You were on level 1 of the Swamp.
You worshipped Elyvilon.
Elyvilon was greatly pleased with you.
You visited 5 branches of the dungeon, and saw 19 of its levels.
You also visited: Sewer, Ossuary and Ice Cave.

You collected 2663 gold pieces.
You spent 619 gold pieces at shops.

Inventory:

Hand Weapons
 a - the +9 mace of Callousness (weapon) {vorpal, rElec rF+}
   (You found it on level 7 of the Dungeon)

   It inflicts extra damage upon your enemies.
   It protects you from fire.
   It insulates you from electricity.
 b - a +0 lajatang
 F - the +8 long sword of Nuothri {elec, *Noise rF- rN+ Int+7}
   (You found it on level 1 of the Lair of Beasts)

   Occasionally, upon striking a foe, it can discharge electrical energy and
   cause terrible harm.
   It affects your intelligence (+7).
   It makes you vulnerable to fire.
   It protects you from negative energy.
   It may make noises in combat.
Missiles
 B - 2 curare-tipped darts (quivered)
Armour
 d - a +1 cloak (worn)
 x - a +2 kite shield (worn)
 y - a +3 scale mail of cold resistance (worn)
 E - the -1 helmet of Tafidgh (worn) {rPois rN+ Str+4 Int+2}
   (You found it on level 9 of the Dungeon)

   It affects your strength (+4).
   It affects your intelligence (+2).
   It protects you from poison.
   It protects you from negative energy.
 G - a +2 pair of gloves (worn)
 S - a +2 pair of boots of rampaging (worn)
Jewellery
 H - an amulet of reflection (around neck)
 J - a ring of protection from cold (right hand)
 R - an amulet of regeneration
 W - the ring of the Mage (left hand) {Wiz Will++ Int+3}
   (You found it in an ice cave)

   [ring of wizardry]

   It improves your spell success rate.
   It affects your intelligence (+3).
   It greatly increases your willpower.
Wands
 g - a wand of digging (13)
 h - a wand of acid (8)
 l - a wand of paralysis (7)
 m - a wand of polymorph (11)
 p - a wand of iceblast (19)
 u - a wand of flame (11)
 I - a wand of charming (8)
Scrolls
 c - 14 scrolls of teleportation
 t - 3 scrolls of magic mapping
 A - 3 scrolls of blinking
 C - a scroll of fear
 K - 2 scrolls of amnesia
 N - a scroll of enchant armour
 O - a scroll of immolation
 Q - a scroll of noise
Potions
 e - 2 potions of mutation
 f - 3 potions of flight
 i - 5 potions of haste
 j - 2 potions of might
 n - 2 potions of berserk rage
 o - 4 potions of heal wounds
 q - 9 potions of curing
 r - 2 potions of magic
 s - 5 potions of brilliance
 v - 5 potions of attraction
 w - 3 potions of resistance
 z - 2 potions of invisibility
 D - a potion of cancellation
 L - 3 potions of ambrosia
 M - 2 potions of lignification


   Skills:
 - Level 10.0 Fighting
 - Level 3.6(6.2) Axes
 + Level 7.8(9.0) Maces & Flails
 - Level 5.5(7.5) Staves
 - Level 1.0 Throwing
 - Level 10.0 Armour
 + Level 9.9 Dodging
 - Level 1.0 Stealth
 - Level 15.0 Shields
 - Level 10.2 Invocations


You had 13 spell levels left.
You knew the following spells:

 Your Spells              Type           Power      Damage    Failure   Level
a - Apportation           Tloc           0%         N/A       19%         1

Your spell library contained the following spells:

 Spells                   Type           Power      Damage    Failure   Level
 Animate Skeleton         Necr           0%         N/A       19%         1
 Corona                   Hex            0%         N/A       19%         1
 Summon Small Mammal      Summ           0%         N/A       19%         1
 Ensorcelled Hibernation  Hex/Ice        0%         N/A       26%         2
 Confusing Touch          Hex            0%         N/A       45%         3
 Dazzling Flash           Conj/Hex       0%         N/A       45%         3
 Gell's Gravitas          Tloc           0%         N/A       45%         3
 Lesser Beckoning         Tloc           0%         N/A       45%         3
 Tukima's Dance           Hex            0%         N/A       45%         3
 Ice Form                 Ice/Tmut       0%         N/A       86%         4
 Petrify                  Tmut/Erth      0%         N/A       86%         4
 Summon Ice Beast         Ice/Summ       0%         N/A       86%         4
 Alistair's Intoxication  Tmut/Pois      0%         N/A       99%         5
 Metabolic Englaciation   Hex/Ice        0%         N/A       99%         5
 Yara's Violent Unravell  Hex/Tmut       0%         3d3       99%         5
 Freezing Cloud           Conj/Ice/Air   0%         6-21      100%        6
 Invisibility             Hex            0%         N/A       100%        6
 Simulacrum               Ice/Necr       0%         N/A       100%        6
 Ozocubu's Refrigeration  Ice            0%         4d5       100%        7


Dungeon Overview and Level Annotations

Branches:
Dungeon (9/15)             Temple (1/1) D:5            Lair (6/6) D:9
  Swamp (1/4) Lair:2       Spider (0/4) Lair:2        Slime (0/5) Lair:5
    Orc (2/2) D:9             Elf (0/3) Orc:2         Sewer (visited)
Ossuary (visited)           IceCv (visited)

Altars:
Ashenzari
Cheibriados
Dithmenos
Elyvilon
Fedhas
Gozag
Hepliaklqana
Makhleb
Nemelex Xobeh
Okawaru
Qazlal
Ru
Trog
Uskayaw
Vehumet
Wu Jian
Xom
Zin
The Shining One

Shops:
Orc:1 [   Orc:2 (?[=

Annotations:
D:9 exclusion: orange crystal statue


Message History

The thorn hunter is severely damaged.
The briar patch crumbles away. x2; You block the thorn hunter's attack.
The thorn hunter hits you.
* * * LOW HITPOINT WARNING * * *
You hit the thorn hunter.
The thorn hunter is severely damaged.
The thorn hunter gestures.
The thorn hunter misses you. The thorn hunter closely misses you.
You hit the thorn hunter.
The thorn hunter is severely damaged.
You block the thorn hunter's attack.
The thorn hunter hits you but does no damage.
You hit the thorn hunter but do no damage.
The thorn hunter is severely damaged.
The thorn hunter gestures.
The thorn hunter barely misses you.
The thorn hunter hits you but does no damage.
You sock the thorn hunter!
The thorn hunter is almost destroyed.
You block the thorn hunter's attack.
The thorn hunter hits you but does no damage.
The thorn hunter gestures. x2
The thorn hunter fires a volley of thorns at you.
The volley of thorns hits you.
* * * LOW HITPOINT WARNING * * *
You barely miss the thorn hunter.
The thorn hunter is almost destroyed.
The briar patch crumbles away.
The thorn hunter gestures. x2
The thorn hunter hits you but does no damage.
You block the thorn hunter's attack.
Your scale mail prevents you from hitting the thorn hunter.
The thorn hunter is almost destroyed.
You block the thorn hunter's attack. The thorn hunter misses you.
You thump the thorn hunter!
The thorn hunter is almost destroyed.
The briar patch crumbles away.
The thorn hunter hits you but does no damage.
The thorn hunter hits you!
You die...

......≈...
..≈≈≈..≈≈
.≈≈§≈..≈≈
.≈≈≈≈....
♣.≈≈.....
♣♣.≈≈..≈..
♣♣≈f≈≈.....
♣<.@♣♣
♣.≈..♣
♣..≈≈..≈♣
♣≈≈§≈..♣♣
♣♣...≈§♣
♣≈.PP.♣
♣P.P.P♣
♣.≈≈≈≈.
♣.≈≈≈≈.≈


You could see a thorn hunter.

Vanquished Creatures
  A frost giant (IceCv)
  An ettin (Orc:2)
  3 catoblepae (Lair:6)
  6 hydras
  2 two-headed ogres
  7 death yaks
  3 orc high priests (Orc:2)
  4 oklob plants (Lair:5)
  3 orc sorcerers (Orc:2)
  5 orc knights (Orc:2)
  4 manticores
  An ice statue (IceCv)
  3 black mambas
  8 elephants (Lair:5)
  9 cane toads
  6 komodo dragons
  6 rime drakes
  3 meliai (Lair:5)
  3 trolls
  15 polar bears (IceCv)
  Grinder (D:4)
  A queen bee (Lair:5)
  14 blink frogs
  2 redbacks (Lair:2)
  A spriggan (D:8)
  6 wyverns
  A wraith (D:9)
  A shadow (D:6)
  4 basilisks
  A hog (Orc:2)
  67 yaks
  Edmund (D:3)
  A steam dragon (D:6)
  5 wargs
  Menkaure (D:5)
  13 water moccasins
  18 orc warriors
  3 hornet zombies (Ossuary)
  2 black bears
  An ice beast (D:6)
  2 necrophages
  22 wolves
  9 ogres
  A phantom (D:5)
  4 centaurs
  2 kobold brigands
  14 bullfrogs
  A gnoll sergeant (D:6)
  Blork the orc (D:4)
  4 scorpions
  4 water moccasin zombies
  A wyvern zombie (Ossuary)
  A wyvern skeleton (D:7)
  2 water moccasin skeletons (D:6)
  42 killer bees
  9 wights
  A howler monkey (D:7)
  10 centaur zombies
  8 bullfrog zombies
  3 jellies
  3 hounds
  A centaur skeleton (D:5)
  Crazy Yiuf (D:7)
  2 gnoll shamans
  10 orc priests
  A bullfrog skeleton (D:5)
  A hell rat (Lair:5)
  3 iguanas
  12 mummies (Ossuary)
  Ijyb (D:5)
  12 orc wizards
  3 killer bee zombies
  3 howler monkey zombies
  14 gnolls
  A howler monkey skeleton (D:7)
  8 adders
  7 river rats
  2 ufetubi
  A dart slug (D:5)
  44 orcs
  10 ball pythons
  5 endoplasms
  5 giant cockroaches
  5 goblins
  8 hobgoblins
  6 jackals
  13 kobolds
  6 quokkas
  10 bats
  9 frilled lizards
  6 rats
591 creatures vanquished.

Vanquished Creatures (others)
  A death yak (IceCv)
  A komodo dragon (Lair:4)
  2 yaks (IceCv)
  2 wolves (IceCv)
  An orc priest (Orc:2)
  An orc wizard (Orc:2)
  3 briar patches (Swamp:1)
  7 fungi
  20 plants
  7 withered plants (Ossuary)
45 creatures vanquished.

Grand Total: 636 creatures vanquished

Notes
Turn   | Place    | Note
-------+----------+-------------------------------------------
     0 | D:1      | Armakuni the Human Wanderer began the quest for the Orb.
     0 | D:1      | Armakuni set off with the following items: a +2 hand axe, a
                  | potion of lignification, a scroll of teleportation, a +0
                  | robe
     0 | D:1      | Reached XP level 1. HP: 16/16 MP: 1/1
   253 | D:1      | Reached XP level 2. HP: 23/23 MP: 2/2
   624 | D:1      | Reached XP level 3. HP: 27/28 MP: 3/3
   659 | D:1      | Learned a level 1 spell: Apportation
  1564 | D:2      | Reached skill level 1 in Maces & Flails
  1564 | D:2      | Reached XP level 4. HP: 32/35 MP: 4/4
  1912 | D:3      | Found a radiant altar of Vehumet.
  2369 | D:4      | Found a glowing drain.
  2386 | Sewer    | Entered a sewer
  2443 | Sewer    | Reached XP level 5. HP: 41/41 MP: 5/5
  3043 | D:4      | Reached XP level 6. HP: 30/48 MP: 6/6
  3175 | D:4      | Noticed Blork the orc
  3293 | D:4      | Noticed Edmund
  3296 | D:4      | Killed Blork the orc
  3355 | D:3      | Killed Edmund
  3356 | D:3      | Reached skill level 5 in Fighting
  3356 | D:3      | Reached XP level 7. HP: 39/56 MP: 7/7
  3507 | D:4      | Found a stormy altar of Qazlal.
  3637 | D:4      | Found a white marble altar of Elyvilon.
  3645 | D:4      | Became a worshipper of Elyvilon the Healer
  4198 | D:4      | Reached skill level 1 in Invocations
  4422 | D:4      | Noticed Grinder
  4432 | D:4      | Paralysed by Grinder for 2 turns
  4446 | D:4      | Killed Grinder
  4447 | D:4      | Reached XP level 8. HP: 63/63 MP: 8/11
  4556 | D:5      | Entered Level 5 of the Dungeon
  4556 | D:5      | Noticed Ijyb
  4556 | D:5      | Noticed Menkaure
  4571 | D:5      | Killed Menkaure
  4572 | D:5      | Reached skill level 5 in Maces & Flails
  4577 | D:5      | Killed Ijyb
  4904 | D:5      | Found a blossoming altar of Fedhas.
  4932 | D:5      | Reached * piety under Elyvilon
  5016 | D:5      | Found a staircase to the Ecumenical Temple.
  5040 | Temple   | Entered the Ecumenical Temple
  5288 | D:5      | Reached XP level 9. HP: 71/71 MP: 8/12
  6535 | D:6      | Reached skill level 1 in Dodging
  6738 | D:6      | Reached XP level 10. HP: 74/82 MP: 13/13
  7024 | D:7      | Found a sand-covered staircase.
  7031 | Ossuary  | Entered an ossuary
  7731 | D:7      | Reached ** piety under Elyvilon
  7748 | D:7      | Reached skill level 5 in Armour
  7836 | D:7      | Found a runed translucent door.
  7837 | D:7      | Noticed Crazy Yiuf
  7844 | D:7      | Killed Crazy Yiuf
  7848 | D:7      | Identified the +9 mace of Callousness {vorpal, rElec rF+}
  8534 | D:8      | Found a hazy altar of Hepliaklqana.
  8658 | D:8      | Reached skill level 10 in Fighting
  8658 | D:8      | Reached skill level 5 in Dodging
  9009 | D:8      | Reached *** piety under Elyvilon
  9034 | D:8      | Found an ornate altar of the Wu Jian Council.
  9114 | D:8      | Reached XP level 11. HP: 90/90 MP: 14/14
  9263 | D:9      | Found a staircase to the Lair.
  9287 | D:9      | Reached skill level 5 in Invocations
  9418 | D:9      | Found a runed translucent door.
  9423 | D:9      | Noticed an orange crystal statue
  9505 | D:9      | Found a runed translucent door.
  9517 | D:9      | Found a runed translucent door.
  9537 | D:9      | Found a runed translucent door.
  9644 | D:9      | Identified the -1 helmet of Tafidgh {rPois rN+ Str+4 Int+2}
  9699 | D:9      | Found a sacrificial altar of Ru.
  9750 | D:9      | Found a glowing golden altar of the Shining One.
  9835 | D:9      | Reached skill level 2 in Shields
  9922 | D:9      | Found a broken altar of Ashenzari.
 10011 | D:9      | Found a staircase to the Orcish Mines.
 10057 | D:9      | Reached skill level 3 in Shields
 10306 | Lair:1   | Entered Level 1 of the Lair of Beasts
 10307 | Lair:1   | Identified the +1 chain mail of the Hills {Stlth+}
 10327 | Lair:1   | Noticed a four-headed hydra
 10334 | Lair:1   | Killed a four-headed hydra
 10335 | Lair:1   | Reached skill level 4 in Shields
 10425 | Lair:1   | Noticed an eight-headed hydra
 10432 | Lair:1   | Killed an eight-headed hydra
 10518 | Lair:1   | Identified the +8 long sword of Nuothri {elec, *Noise rF-
                  | rN+ Int+7}
 10525 | Lair:1   | Reached **** piety under Elyvilon
 10536 | Lair:1   | Reached skill level 5 in Shields
 10689 | Lair:1   | Reached XP level 12. HP: 95/97 MP: 18/18
 10820 | Lair:1   | Reached skill level 6 in Shields
 11453 | Lair:1   | Reached skill level 7 in Shields
 11484 | Lair:2   | Reached skill level 10 in Invocations
 11484 | Lair:2   | Found a staircase to the Swamp.
 11729 | Lair:2   | Reached skill level 8 in Shields
 11991 | Lair:2   | Noticed a six-headed hydra
 12000 | Lair:2   | Killed a six-headed hydra
 12001 | Lair:2   | Reached skill level 9 in Shields
 12102 | Lair:2   | Found a hole to the Spider Nest.
 12128 | Lair:2   | Reached ***** piety under Elyvilon
 12686 | Lair:3   | Reached XP level 13. HP: 103/103 MP: 20/20
 12717 | Lair:3   | Reached skill level 10 in Shields
 13665 | Lair:4   | Found a stormy altar of Qazlal.
 13703 | Lair:4   | Noticed a five-headed hydra
 13709 | Lair:4   | Pacified a five-headed hydra
 14198 | Lair:5   | Reached skill level 11 in Shields
 14299 | Lair:5   | Found a staircase to the Slime Pits.
 14370 | Lair:5   | Reached skill level 12 in Shields
 14502 | Lair:5   | Reached skill level 13 in Shields
 14950 | Lair:5   | Noticed a six-headed hydra
 14962 | Lair:5   | Killed a six-headed hydra
 15281 | Lair:5   | Reached XP level 14. HP: 80/110 MP: 21/21
 15292 | Lair:5   | Reached skill level 14 in Shields
 15787 | Lair:6   | Entered Level 6 of the Lair of Beasts
 16121 | Lair:6   | Reached skill level 15 in Shields
 17487 | Orc:1    | Entered Level 1 of the Orcish Mines
 17487 | Orc:1    | Found a frozen archway.
 17488 | Orc:1    | Noticed Sonja
 17554 | IceCv    | Entered an ice cave
 17612 | IceCv    | Reached skill level 1 in Staves
 17719 | IceCv    | Found the ring of the Mage {Wiz Will++ Int+3}
 18051 | IceCv    | Reached XP level 15. HP: 111/115 MP: 20/22
 18119 | IceCv    | Noticed a frost giant
 18138 | IceCv    | Killed a frost giant
 18387 | Orc:2    | Entered Level 2 of the Orcish Mines
 18924 | Orc:2    | Noticed Sonja
 18924 | Orc:2    | Sonja changed into Sonja the hog
 18931 | Orc:2    | Killed Sonja the hog
 18941 | Orc:2    | Found a staircase to the Elven Halls.
 18957 | Orc:1    | Found Jionn's Armour Shoppe.
 19385 | Orc:1    | You fall into a shaft and drop 1 floor!
 19707 | Orc:2    | Reached skill level 5 in Staves
 19830 | Orc:2    | Reached skill level 10 in Armour
 19859 | Orc:2    | Paralysed by an orc sorcerer for 6 turns
 19948 | Orc:2    | Found Jueceor's Weapon Boutique.
 19948 | Orc:2    | Found Qesoor's Magic Scroll Emporium.
 19957 | Orc:2    | Found Wukhlel's Antique Armour Boutique.
 19957 | Orc:2    | Found Seorch's Jewellery Emporium.
 19978 | Orc:2    | Bought a smelly chain mail for 275 gold pieces
 19978 | Orc:2    | Identified the +1 chain mail of the Lizard {rF+ Int-3
                  | Dex+3} (You bought it in a shop on level 2 of the Orcish
                  | Mines)
 20050 | Orc:1    | Bought a +2 pair of boots of rampaging for 344 gold pieces
 20139 | Swamp:1  | Entered Level 1 of the Swamp
 20139 | Swamp:1  | Noticed a thorn hunter
 20190 | Swamp:1  | HP: 4/115 [thorn hunter/volley of thorns (6)]
 20193 | Swamp:1  | Mangled by a thorn hunter

Illustrated notes

Levels and vault maps discovered:
D:1:      dpeg_arrival_fog, layout_basic
D:2:      layout_basic
D:3:      layout_rooms, nicolae_vehumet_radiance, lemuel_another_geyser
D:4:      layout_basic, overflow_temple_1_default, elyvilon_altar_3,
          portal_sewer_entry_b, uniq_edmund, uniq_grinder, uniq_blork_the_orc
D:5:      layout_basic, kennysheep_mini, minmay_temple_entry_trees,
          sigmund_army, uniq_ijyb, uniq_menkaure
D:6:      layout_basic, eino_small_chamber_without_monster, minmay_circle_x
D:7:      layout_basic, chequers_ossuary_entry_cave, roderic_roman_lattice,
          uniq_crazy_yiuf_cottage
D:8:      layout_loops_corners, kennysheep_mini_moat, lemuel_round_altar,
          the_hattery
D:9:      layout_roguey, ashenzari_conservatory_becter, tso_oasis_becter,
          nicolae_ru_great_annihilating_truth, erik_lair_orcish_takeover,
          minmay_statue_crystal_thing
Temple:   eino_temple_lava
Lair:1:   layout_concentric_octagons, serial_bayou_shore_a, lemuel_fruit_tree
Lair:2:   layout_regular_city, swamp_mist, spider_nest_entry_webs, st_stairs_6,
          grunt_megastairs_3, lemuel_fruit_fields
Lair:3:   layout_cave_pods
Lair:4:   layout_cave_pods, basic_altar
Lair:5:   hangedman_what_comes_after_a, layout_regular_city, slime_dummy
Lair:6:   evilmike_catoblepas_cave, layout_long_grid,
          grunt_forest_small_clearings, grunt_megastairs_2, serial_bayou_shore_b
Swamp:1:  layout_basic_swamp, infiniplex_staircase_pool,
          nicolae_swamp_bloodsuckers_inc
Orc:1:    layout_caves, serial_shops, shop, portal_ice_cave_entry_pillars_1,
          uniq_sonja
Orc:2:    grunt_orc_tribal_feast, layout_caves

Skill      XL: |  1  2  3  4  5  6  7  8  9 10 11 12 13 14 15 |
---------------+----------------------------------------------+-----
Fighting       | 3 4 5 6 8 10 | 10.0
Maces & Flails | 1 3 4 6 7 |  7.8
Invocations    | 4 8 10 | 10.2
Dodging        | 1 5 6 8 9 |  9.9
Armour         | 3 5 6 8 10 | 10.0
Shields        | 5 9 13 15 | 15.0
Staves         | 2 5 |  5.5
Axes           | |  3.6
Throwing       | |  1.0
Stealth        | |  1.0

Action                   |  1- 3 |  4- 6 |  7- 9 | 10-12 | 13-15 || total
-------------------------+-------+-------+-------+-------+-------++-------
Melee: Hand axe          |    83 |   106 |   135 |       |       ||   324
       Whip              |       |       |   182 |   175 |       ||   357
       Mace              |       |       |       |   540 |  1327 ||  1867
       Flail             |       |       |       |    47 |       ||    47
Throw: Dart              |     3 |    25 |    27 |       |    20 ||    75
Invok: Lesser Healing    |       |       |    35 |    39 |   109 ||   183
       Purification      |       |       |       |     3 |     1 ||     4
       Heal Other        |       |       |       |       |     3 ||     3
       Greater Healing   |       |       |       |       |     4 ||     4
Evoke: Wand              |       |       |     3 |    13 |     9 ||    25
  Use: Scroll            |     5 |     7 |     6 |     9 |     6 ||    33
       Potion            |       |     4 |     3 |       |     3 ||    10
 Stab: Sleeping          |     2 |     1 |     1 |     3 |       ||     7
       Paralysed         |       |       |       |     1 |       ||     1
       Invisible         |       |       |       |       |     4 ||     4
Armor: Robe              |    28 |    35 |    56 |       |       ||   119
       Skin              |       |       |    35 |       |       ||    35
       Steam dragon scal |       |       |    15 |   134 |       ||   149
       Scale mail        |       |       |       |   200 |   434 ||   634
Dodge: Dodged            |    65 |    36 |   138 |   373 |   496 ||  1108
Block: Other             |       |    23 |    64 |   134 |       ||   221
       Reflection        |       |       |     3 |     2 |    12 ||    17
       Kite shield       |       |       |       |   143 |  1622 ||  1765

Table legend: (Time is in decaauts)
 A = Elapsed time spent in this place.
 B = Non-inter-level travel time spent in this place.
 C = Inter-level travel time spent in this place.
 D = Time resting spent in this place.
 E = Time spent auto-exploring this place.
 F = Levels seen in this place.
 G = Mean time per level.
                   A        B        C        D        E       F      G
               +--------+--------+--------+--------+--------+-----+--------+
         Total |  20200 |  19476 |    724 |   1300 |  12331 |  22 |  918.2 |
       Dungeon |   9050 |   8783 |    267 |    847 |   5738 |   9 | 1005.6 |
        Temple |    120 |    115 |      5 |      0 |    114 |   1 |  120.0 |
          Lair |   7210 |   6886 |    324 |    160 |   4981 |   6 | 1201.7 |
         Swamp |     51 |     51 |      0 |      8 |      0 |   1 |   51.0 |
  Orcish Mines |   1898 |   1771 |    127 |    112 |    807 |   2 |  949.0 |
         Sewer |    674 |    674 |      0 |    146 |    351 |   1 |  674.0 |
       Ossuary |    507 |    507 |      0 |      0 |    268 |   1 |  507.0 |
      Ice Cave |    687 |    687 |      0 |     26 |     71 |   1 |  687.0 |
               +--------+--------+--------+--------+--------+-----+--------+

Top non-repeatable levels by time:
  Lair:5: 1645 daAuts
  Lair:6: 1540 daAuts
     D:4: 1496 daAuts
     D:6: 1241 daAuts
  Lair:1: 1240 daAuts
     D:9: 1127 daAuts
   Orc:2: 1094 daAuts
  Lair:2: 1022 daAuts
     D:8: 994 daAuts
     D:1: 989 daAuts
  Lair:3: 935 daAuts
     D:5: 884 daAuts
     D:7: 857 daAuts
  Lair:4: 826 daAuts
   Orc:1: 804 daAuts
